 Dungeon Crawl Stone Soup version bcrawl-1.19.2-6-g6a88ae04c9 (webtiles) character file.

Game seed: 15922465872352707991

115 Mrkan the Covered (level 4, -4/41 HPs)
             Began as a Minotaur Fighter on Jan 6, 2020.
             Shot with an arrow by a centaur (5 damage)
             ... on level 3 of the Dungeon.
             The game lasted 00:02:41 (1742 turns).

Mrkan the Covered (Minotaur Fighter)                Turns: 1742, Time: 00:02:42

Health: -4/41      AC: 11    Str: 21    XL:     4   Next: 68%
Magic:  3/3        EV:  5    Int:  5    God:
Gold:   93         SH:  9    Dex: 10    Spells: 3/3 levels left

rFire    . . .     SeeInvis .   a - +0 war axe
rCold    . . .     Gourm    .   c - +0 shield
rNeg     . . .     Faith    .   l - +0 chain mail
rPois    .         Spirit   .   e - +2 hat
rElec    .         Reflect  .   (no cloak)
rCorr    .         Harm     .   (no gloves)
MR       .....                  (no boots)
Stlth    ..........             (no amulet)
HPRegen  0.13/turn              (no ring)
MPRegen  0.08/turn              (no ring)

@: no status effects
A: retaliatory headbutt, horns 2
a: no special abilities


You were on level 3 of the Dungeon.
You were hungry.

You visited 1 branch of the dungeon, and saw 3 of its levels.

You collected 93 gold pieces.

Inventory:

Hand Weapons
 a - a +0 war axe (weapon)
Armour
 c - a +0 shield (worn)
 e - a +2 hat (worn)
 l - a +0 chain mail (worn)
Scrolls
 b - a scroll of magic mapping {unknown}
 h - 2 scrolls of identify {unknown}
 j - a scroll of amnesia {unknown}
 k - a scroll of remove curse {unknown}
 m - a scroll of teleportation {unknown}
Potions
 d - a potion of might
 g - a potion of curing {unknown}
 i - a potion of invisibility {unknown}
Comestibles
 f - 3 rations {!d}


   Skills:
 + Level 4.3 Fighting
 * Level 4.2 Axes
 + Level 4.4 Armour
 + Level 4.3 Shields


You had 3 spell levels left.
You didn't know any spells.
Your spell library was empty.

Dungeon Overview and Level Annotations

Branches:
Dungeon (3/12)

Altars:


Innate Abilities, Weirdness & Mutations

You reflexively headbutt those who attack you in melee.
You have a pair of horns on your head.


Message History

You block the adder's attack.
The centaur unwields a +0 shortbow.
The centaur barely misses you. The adder barely misses you.
You hit the adder but do no damage. You headbutt the adder!
You kill the adder!
Your shield and chain mail prevent you from hitting the centaur.
The centaur hits you.
* * * LOW HITPOINT WARNING * * *
The orc throws a tomahawk.
You block the tomahawk.
The centaur hits you but does no damage.
The orc throws a tomahawk.
The tomahawk hits you but does no damage.
The centaur wields a +0 shortbow.
The centaur shoots an arrow.
The arrow hits you but does no damage. The orc hits you but does no damage.
You see here a +0 whip.
You closely miss the orc.
The centaur shoots an arrow.
The arrow barely misses you.
The arrow barely misses the orc.
The arrow hits the orc!
The orc dies!
The centaur shoots an arrow.
The arrow hits you.
You die...

######### #.......#
######### #...[...#
#.......# #.......#
#.......#########.......#
#.......<.Zo.hho@.c.....>
.......o#########........
######.####### ##....[.#
.[..hoh....... ......#
.####h.o.#[..# ......#
#)...# .# ......# #....#
.#..### ZS..## ....#
.#...#


You could see a centaur, 2 orcs, 2 jackals and an adder skeleton.

Vanquished Creatures
  Robin (D:2)
  2 adders
  6 worms
  2 dart slugs
  2 leopard geckos
  2 orcs
  2 ball pythons
  2 giant cockroaches
  16 goblins
  6 hobgoblins
  5 jackals
  5 kobolds
  3 bats
  A frilled lizard (D:2)
  A rat (D:1)
56 creatures vanquished.

Vanquished Creatures (others)
  An orc (D:3)
1 creature vanquished.

Grand Total: 57 creatures vanquished

Notes
Turn   | Place    | Note
-------+----------+-------------------------------------------
     0 | D:1      | Mrkan the Minotaur Fighter began the quest for the Orb.
     0 | D:1      | Reached XP level 1. HP: 19/19 MP: 0/0
   215 | D:1      | Reached XP level 2. HP: 18/27 MP: 1/1
   693 | D:2      | Noticed Robin
   699 | D:2      | Reached XP level 3. HP: 24/33 MP: 2/2
   887 | D:2      | Killed Robin
  1131 | D:2      | Reached XP level 4. HP: 29/40 MP: 3/3
  1730 | D:3      | Noticed a centaur
  1740 | D:3      | HP: 1/41 [centaur (3)]
  1742 | D:3      | Shot with an arrow by a centaur

Skill      XL: |  1  2  3  4 |
---------------+-------------+-----
Axes           | 3 4 |  4.2
Armour         | 4 |  4.4
Fighting       | 4 |  4.3
Shields        | 4 |  4.3

Action                   |  1- 3 |  4- 6 || total
-------------------------+-------+-------++-------
Melee: War axe           |    67 |    32 ||    99
       Headbutt          |    12 |     5 ||    17
  Eat: Chunk             |       |     2 ||     2
Armor: Scale mail        |    52 |       ||    52
       Chain mail        |       |    24 ||    24
Dodge: Dodged            |    31 |    11 ||    42
Block: Shield            |    50 |    18 ||    68
